 Dungeon Crawl Stone Soup version 0.31-a0-232-gb1c03b2570 (webtiles) character file.

Game seed: 10679410039936279661

827 qw the Skirmisher (level 7, -3/61 HPs)
             Began as a Minotaur Hexslinger on July 7, 2023.
             Was an Initiate of Okawaru.
             Slain by a troll (12 damage)
             ... on level 5 of the Dungeon.
             The game lasted 00:01:31 (3752 turns).

qw the Skirmisher (Minotaur Hexslinger)             Turns: 3752, Time: 00:01:31

Health: -3/61      AC:  6    Str: 12    XL:     7   Next: 64%
Magic:  6/7        EV: 13    Int: 10    God:    Okawaru [......]
Gold:   286        SH:  0    Dex: 15    Spells: 7/8 levels left

rFire   . . .        Y - +2 sling
rCold   . . .        (no shield)
rNeg    . . .        e - +0 ring mail
rPois   .            (helmet restricted)
rElec   .            (no cloak)
rCorr   .            (no gloves)
SInv    .            (no boots)
Will    +....        (no amulet)
Stlth   ++           k - ring of willpower
HPRegen 0.30/turn    (no ring)
MPRegen 0.10/turn

%: no passive effects
@: about to teleport, heroic
A: horns 2, retaliatory headbutt
a: Renounce Religion


You were on level 5 of the Dungeon.
You worshipped Okawaru.
Okawaru was noncommittal.
You visited 1 branch of the dungeon, and saw 5 of its levels.

You collected 286 gold pieces.


Innate Abilities, Weirdness & Mutations

You have a pair of horns on your head.
You reflexively headbutt those who attack you in melee.


   Skills:
 - Level 5.1(10.1) Fighting
 + Level 8.2(13.2) Ranged Weapons
 - Level 1.0(6.0) Armour
 - Level 2.1(7.1) Dodging
 - Level 1.0 Spellcasting
 - Level 2.0 Hexes
 - Level 1.2 Invocations


You had 7 spell levels left.
You knew the following spells:

 Your Spells              Type           Power      Damage    Failure   Level
a - Slow                  Hex            16%        N/A       30%         1

Your spell library contained the following spells:

 Spells                   Type           Power      Damage    Failure   Level
 Inner Flame              Hex/Fire       2%         N/A       80%         3
 Portal Projectile        Hex/Tloc       4%         N/A       80%         3
 Cause Fear               Hex            2%         N/A       97%         4

Inventory:

Hand Weapons
 Y - a +2 sling (weapon)
Armour
 e - a +0 ring mail (worn)
Jewellery
 k - a ring of willpower (left hand)
Scrolls
 a - a scroll of fog {unknown}
 g - 3 scrolls of identify
 m - a scroll of enchant armour
 o - a scroll of blinking {unknown}
Potions
 c - a potion of mutation
 d - a potion of might
 f - 3 potions of curing
 h - a potion of haste {unknown}
 i - a potion of heal wounds
 j - a potion of degeneration {unknown}
 l - a potion of magic {unknown}
 n - a potion of attraction {unknown}

Dungeon Overview and Level Annotations

Branches:
Dungeon (5/15)
 Temple: D:4-7

Altars:
Ashenzari
Fedhas
Okawaru
Trog
Xom


Message History

You shoot a sling bullet. The sling bullet hits the iguana!
The iguana is severely wounded.
You shoot a sling bullet.
The sling bullet hits the iguana but does no damage.
The iguana is severely wounded.
The iguana bites you but does no damage.
You shoot a sling bullet. The sling bullet hits the iguana.
The iguana is severely wounded.
The iguana misses you.
You shoot a sling bullet.
The sling bullet barely misses the iguana.
The iguana bites you.
You shoot a sling bullet.
The sling bullet closely misses the iguana.
You shoot a sling bullet.
The sling bullet closely misses the troll.
You shoot a sling bullet.
The sling bullet closely misses the troll.
The troll bites you! The troll barely misses you. The troll misses you.
You shoot a sling bullet. The sling bullet hits the troll.
The troll is lightly wounded.
You shoot a sling bullet.
The sling bullet hits the troll but does no damage.
The troll is lightly wounded.
The troll misses you. The troll claws you. The troll closely misses you.
You shoot a sling bullet.
The sling bullet closely misses the troll.
The troll bites you. The troll closely misses you.
The troll claws you but does no damage.
You shoot a sling bullet. The sling bullet hits the troll!
The troll is moderately wounded.
The troll bites you. The troll closely misses you. The troll barely misses you.
You shoot a sling bullet. The sling bullet hits the troll!
The troll is heavily wounded.
The troll bites you but does no damage. The troll claws you! x2
3752 ||| READING scroll of teleportation.
As you read the scroll of teleportation, it crumbles to dust.
You feel strangely unstable.
The troll closely misses you. x2; The troll claws you!
You die...

#............................#
#........####.....####.......#
####<...##.# ##...##..#.###'###
..##....##.# ##.##...#.###.####
........'..## #.#...##..+......
........#...## +#.#).##...#......
#####'####...###...###...##'#####
.................8...............
.............###@..###...........
............##lT#.#%.##..........
...........##..S#.#...##.........
##########.#...##.##...#.#.......
#..........#[.##...##.(#.#....###
#..........####.....####.#....#..
'........................+....#..
##+#####+##.......######+#....###
.# #...........................


You could see a troll, an iguana and an adder.

Vanquished Creatures
  2 water moccasins
  An ogre (D:4)
  2 scorpions
  3 jellies
  2 hounds (D:5)
  A sleepcap (D:4)
  2 iguanas (D:5)
  An orc wizard (D:5)
  3 gnolls (D:3)
  4 adders
  A white imp (D:5)
  2 ufetubi
  2 worms
  2 dart slugs
  An orc (D:5)
  5 bats
  9 endoplasms
  2 giant cockroaches (D:1)
  4 goblins
  6 hobgoblins
  8 jackals
  7 kobolds
  3 quokkas
  3 ball pythons
  4 frilled lizards
  2 rats
82 creatures vanquished.

Notes
Turn   | Place    | Note
-------+----------+-------------------------------------------
     0 | D:1      | qw the Minotaur Hexslinger began the quest for the Orb.
     0 | D:1      | Reached XP level 1. HP: 16/16 MP: 1/1
     0 | D:1      | 0 ||| qw: Version: 0.3-a-46-gb1f654a
     0 | D:1      | 0 ||| qw: Game counter: 2977
     0 | D:1      | 0 ||| qw: Melee chars always use a shield: true
     0 | D:1      | 0 ||| qw: God list: Okawaru
     0 | D:1      | 0 ||| qw: Allow faded altars: false
     0 | D:1      | 0 ||| qw: Do Orc after clearing Dungeon:15 true
     0 | D:1      | 0 ||| qw: Do second Lair branch before Depths: true
     0 | D:1      | 0 ||| qw: Lair rune preference: random
     0 | D:1      | 0 ||| qw: Goals: Normal
     0 | D:1      | 0 ||| PLANNING D:1-11
   100 | D:1      | Reached skill level 3 in Ranged Weapons
   100 | D:1      | Reached XP level 2. HP: 18/23 MP: 2/2
   458 | D:1      | Reached XP level 3. HP: 29/29 MP: 3/3
   592 | D:1      | 592 ||| DROPPING amulet of magic regeneration.
   593 | D:1      | 593 ||| READING scroll labelled DEPSEM DASUNTU.
   597 | D:1      | 597 ||| READING scroll labelled BUM QULOETERAO.
   698 | D:1      | 698 ||| READING scroll labelled DOPPAWK QESYI.
   699 | D:1      | 699 ||| DRINKING 2 sedimented golden potions.
   700 | D:1      | 700 ||| DROPPING scroll of poison.
   705 | D:2      | 705 ||| STAIRDANCE
   708 | D:1      | Reached skill level 4 in Ranged Weapons
   838 | D:2      | Found a faded altar of an unknown god.
  1013 | D:2      | 1013 ||| UPGRADING to +0 ring mail.
  1023 | D:2      | 1023 ||| DROPPING +0 robe.
  1024 | D:2      | 1024 ||| UPGRADING to amulet of guardian spirit.
  1029 | D:2      | 1029 ||| DRINKING 2 inky potions.
  1058 | D:2      | 1058 ||| READING 2 scrolls of identify.
  1058 | D:2      | 1058 ||| IDENTIFYING bubbling sapphire potion
  1059 | D:2      | 1059 ||| DROPPING potion of lignification.
  1073 | D:3      | 1073 ||| STAIRDANCE
  1090 | D:3      | Reached skill level 1 in Armour
  1192 | D:3      | Reached XP level 4. HP: 36/36 MP: 4/4
  1312 | D:3      | Found the +8 autumn katana {manifold assault}
  1336 | D:3      | 1336 ||| FLEEEEING.
  1337 | D:3      | 1337 ||| FLEEEEING.
  1338 | D:3      | 1338 ||| FLEEEEING.
  1339 | D:3      | 1339 ||| FLEEEEING.
  1340 | D:3      | 1340 ||| FLEEEEING.
  1341 | D:3      | 1341 ||| FLEEEEING.
  1343 | D:3      | 1343 ||| FLEEEEING.
  1344 | D:3      | 1344 ||| FLEEEEING.
  1345 | D:3      | 1345 ||| FLEEEEING.
  1347 | D:3      | 1347 ||| FLEEEEING.
  1349 | D:3      | 1349 ||| FLEEEEING.
  1350 | D:3      | 1350 ||| FLEEEEING.
  1351 | D:3      | 1351 ||| FLEEEEING.
  1352 | D:3      | 1352 ||| FLEEEEING.
  1353 | D:3      | 1353 ||| FLEEEEING.
  1354 | D:3      | 1354 ||| FLEEEEING.
  1355 | D:3      | 1355 ||| FLEEEEING.
  1453 | D:3      | Reached skill level 5 in Ranged Weapons
  1735 | D:3      | 1735 ||| READING scroll labelled WAICZU ZOELY.
  1736 | D:3      | 1736 ||| READING scroll labelled CACREGGUREL.
  1737 | D:3      | 1737 ||| READING scroll labelled WICVOPR GEPSU.
  1738 | D:3      | 1738 ||| READING scroll labelled ZINAUPNITA.
  1739 | D:3      | 1739 ||| READING 2 scrolls of identify.
  1739 | D:3      | 1739 ||| IDENTIFYING white potion
  1801 | D:4      | Found a bloodstained altar of Trog.
  1825 | D:4      | Found an iron altar of Okawaru.
  1825 | D:4      | Found a blossoming altar of Fedhas.
  1825 | D:4      | Found a shimmering altar of Xom.
  1826 | D:4      | 1826 ||| PLANNING OKAWARU WORSHIP
  1826 | D:4      | 1826 ||| READING 2 scrolls of identify.
  1826 | D:4      | 1826 ||| IDENTIFYING metallic red potion
  1832 | D:4      | Became a worshipper of Warmaster Okawaru
  1833 | D:4      | 1833 ||| PLANNING D:1-11
  1833 | D:4      | 1833 ||| REMOVING amulet of guardian spirit.
  1851 | D:4      | Reached skill level 3 in Fighting
  1851 | D:4      | Reached XP level 5. HP: 45/45 MP: 5/5
  1904 | D:4      | Noticed an ogre
  1910 | D:4      | HP: 8/45 [ogre/+0 giant spiked club (29)]
  1911 | D:4      | 1911 ||| READING 2 scrolls of teleportation.
  1912 | D:4      | 1912 ||| DRINKING 3 potions of heal wounds.
  1913 | D:4      | 1913 ||| DRINKING 2 potions of heal wounds.
  2110 | D:4      | Reached skill level 6 in Ranged Weapons
  2217 | D:4      | Reached XP level 6. HP: 47/51 MP: 6/6
  2524 | D:4      | Noticed a water moccasin
  2534 | D:4      | Killed a water moccasin
  2534 | D:4      | Reached * piety under Okawaru
  2700 | D:4      | Reached skill level 7 in Ranged Weapons
  2746 | D:4      | 2746 ||| DROPPING amulet of guardian spirit.
  2747 | D:4      | 2747 ||| UPGRADING to ring of willpower.
  2748 | D:4      | 2748 ||| READING 2 scrolls of identify.
  2748 | D:4      | 2748 ||| IDENTIFYING fuming blue potion
  2749 | D:4      | 2749 ||| DROPPING potion of invisibility.
  2768 | D:5      | Entered Level 5 of the Dungeon
  2776 | D:5      | Noticed a water moccasin
  2780 | D:5      | 2780 ||| INVOKING Heroism.
  2785 | D:5      | Killed a water moccasin
  2786 | D:5      | Reached XP level 7. HP: 17/59 MP: 4/7
  2987 | D:5      | Found a broken altar of Ashenzari.
  3183 | D:5      | 3183 ||| INVOKING Heroism.
  3190 | D:5      | Reached skill level 8 in Ranged Weapons
  3315 | D:5      | 3315 ||| FLEEEEING.
  3316 | D:5      | 3316 ||| FLEEEEING.
  3317 | D:5      | 3317 ||| FLEEEEING.
  3318 | D:5      | 3318 ||| FLEEEEING.
  3319 | D:5      | 3319 ||| FLEEEEING.
  3326 | D:5      | 3326 ||| FLEEEEING.
  3327 | D:5      | 3327 ||| FLEEEEING.
  3328 | D:5      | 3328 ||| FLEEEEING.
  3329 | D:5      | 3329 ||| FLEEEEING.
  3330 | D:5      | 3330 ||| FLEEEEING.
  3331 | D:5      | 3331 ||| FLEEEEING.
  3332 | D:5      | 3332 ||| FLEEEEING.
  3453 | D:5      | Reached skill level 1 in Invocations
  3472 | D:5      | 3472 ||| INVOKING Heroism.
  3474 | D:5      | 3474 ||| INVOKING Heroism.
  3677 | D:5      | 3677 ||| Stepping ~*~*~tactically~*~*~ (outnumbered).
  3738 | D:5      | Noticed a troll
  3739 | D:5      | 3739 ||| INVOKING Heroism.
  3751 | D:5      | HP: 9/61 [troll (10)]
  3752 | D:5      | 3752 ||| READING scroll of teleportation.
  3752 | D:5      | Slain by a troll

Levels and vault maps discovered:
D:1:      wheals_arrival_shading, layout_basic
D:2:      layout_rooms, ebering_ecumenical_altar_mist
D:3:      layout_loops_cross
D:4:      layout_loops_ring, chequers_temple_overflow_statue_of_worship
D:5:      cheibrodos_barr_body, layout_gridville, nicolae_ashenzari_panopticon,
          st_stairs_13, hangedman_abyss_or_decor_stagger

Skill      XL: |  1  2  3  4  5  6  7 |
---------------+----------------------+-----
Ranged Weapons | 3 4 5 6 7 8 |  8.2
Fighting       | 2 3 4 5 |  5.1
Armour         | 1 |  1.0
Invocations    | 1 |  1.2
Dodging        | |  2.1
Spellcasting   | |  1.0
Hexes          | |  2.0

Action                     |  1- 3 |  4- 6 |  7- 9 || total
---------------------------+-------+-------+-------++-------
   Fire: Sling             |   121 |   122 |    74 ||   317
 Invoke: Heroism           |       |     1 |     3 ||     4
    Use: Scroll            |     4 |     8 |     1 ||    13
         Potion            |     2 |     2 |       ||     4
 Armour: Robe              |     8 |       |       ||     8
         Ring mail         |     6 |    22 |    14 ||    42
  Dodge: Dodged            |    47 |    38 |    27 ||   112

Table legend:
 A = Non-vault XP
 B = Vault XP
 C = Vault XP percentage of total XP
 D = Non-vault monster count
 E = Vault monster count
 F = Vault count percentage of total count
                 A         B        C        D         E       F
            +---------+---------+-------+---------+---------+-------
      Total |    1115 |      67 |   5.7 |      77 |       5 |   6.1
            +---------+---------+-------+---------+---------+-------
        D:1 |      67 |       0 |   0.0 |      29 |       0 |   0.0
        D:2 |       8 |       0 |   0.0 |       4 |       0 |   0.0
        D:3 |      81 |       0 |   0.0 |      15 |       0 |   0.0
        D:4 |     501 |       0 |   0.0 |      20 |       0 |   0.0
        D:5 |     458 |      67 |  12.8 |       9 |       5 |  35.7
            +---------+---------+-------+---------+---------+-------
